 Dungeon Crawl Stone Soup version 0.30-b1-2-g02819fbbbe (webtiles) character file.

Game seed: 967848740569489472

23 Arzdou the Ducker (level 3, -1/30 HPs)
             Began as a Merfolk Monk on May 25, 2023.
             Slain by a kobold
             ... wielding a +0 spear
              (3 damage)
             ... on level 1 of the Dungeon.
             The game lasted 00:00:53 (283 turns).

Arzdou the Ducker (Merfolk Monk)                     Turns: 283, Time: 00:00:53

Health: -1/30      AC:  2    Str: 11    XL:     3   Next: 0%
Magic:  3/3        EV: 14    Int:  9    God:
Gold:   17         SH:  0    Dex: 18    Spells: 2/2 levels left

rFire   . . .        a - +0 falchion
rCold   . . .        d - orb {light}
rNeg    . . .        b - +0 robe
rPois   .            (no helmet)
rElec   .            (no cloak)
rCorr   .            (no gloves)
SInv    .            (no boots)
Will    .....        (no amulet)
Stlth   +            (no ring)
HPRegen 0.25/turn    (no ring)
MPRegen 0.08/turn

%: no passive effects
@: glowing
A: (nimble swimmer 2), mertail
a: no special abilities


You were on level 1 of the Dungeon.
You visited 1 branch of the dungeon, and saw 1 of its levels.

You collected 17 gold pieces.

Inventory:

Hand Weapons
 a - a +0 falchion (weapon)
Armour
 b - a +0 robe (worn)
 d - an orb of light (worn)
Scrolls
 e - a scroll of amnesia {unknown}
 f - a scroll of enchant armour {unknown}
 g - a scroll of acquirement {unknown}
Potions
 c - a potion of ambrosia


   Skills:
 + Level 3.7 Fighting
 + Level 4.1 Long Blades
 + Level 4.5 Dodging


You had 2 spell levels left.
You didn't know any spells.
Your spell library was empty.

Dungeon Overview and Level Annotations

Branches:
Dungeon (1/15)

Altars:


Innate Abilities, Weirdness & Mutations

((You are very nimble when in or above water. (Stealth+, EV+, Speed+++)))
Your lower body shifts to a powerful aquatic tail in water.


Message History

The ball python bites you. The ball python grabs you.
The ball python constricts you.
You see here a +0 dagger.
You escape the ball python's grasp.
The ball python attacks as you move away!
The ball python barely misses you. The ball python closely misses you.
You hit the ball python but do no damage.
The ball python closely misses you. The ball python grabs you.
The ball python constricts you. The ball python bites you.
The ball python constricts you.
You slash the ball python!
You kill the ball python!
You hit the frilled lizard but do no damage.
The frilled lizard misses you.
You closely miss the frilled lizard. The frilled lizard barely misses you.
You hit the frilled lizard but do no damage.
The frilled lizard bites you but does no damage.
You slash the frilled lizard!
You kill the frilled lizard!
You hit the goblin.
You kill the goblin!
You hit the hobgoblin.
The hobgoblin is lightly wounded.
The hobgoblin hits you.
* * * LOW HITPOINT WARNING * * *
The kobold hits you from afar with a +0 spear.
* * * LOW HITPOINT WARNING * * *
There is an open door here.
You hit the hobgoblin.
You kill the hobgoblin!
You have reached level 3!
Your experience leads to an increase in your attributes!
Increase (S)trength, (I)ntelligence, or (D)exterity?
You feel agile. x2
The kobold closely misses you.
You see here 3 scrolls labelled KEUG SEEMIEJ.
You barely miss the kobold. The kobold hits you with a +0 spear.
* * * LOW HITPOINT WARNING * * *
The kobold hits you with a +0 spear.
You die...

#.......# #.....# #.......#
#.....# #.......# #.....#
#.......# #.....#
#.......########.....#
#......†'..........###
####+###.......############
#. #.....#######'##
..##.....# #@#
...#.....#######K##
#............#..rg#
#............#....#
.............#....#
.....†....K..#)...#
.....).......)....#
.............#....#
....#####...†#....#


You could see a goblin, a kobold and a rat.

Vanquished Creatures
  A dart slug (D:1)
  4 goblins (D:1)
  6 hobgoblins (D:1)
  2 kobolds (D:1)
  A ball python (D:1)
  2 bats (D:1)
  5 frilled lizards (D:1)
21 creatures vanquished.

Notes
Turn   | Place    | Note
-------+----------+-------------------------------------------
     0 | D:1      | Arzdou the Merfolk Monk began the quest for the Orb.
     0 | D:1      | Reached XP level 1. HP: 18/18 MP: 1/1
   135 | D:1      | Reached XP level 2. HP: 24/24 MP: 2/2
   282 | D:1      | Reached XP level 3. HP: 5/30 MP: 3/3
   283 | D:1      | Slain by a kobold

Illustrated notes

Levels and vault maps discovered:
D:1:      minmay_arrival_wavy_path, layout_basic,
          shapermc_ecumenical_altar_venn, hangedman_decor_points,
          minmay_pentomino_w4

Skill      XL: |  1  2 |
---------------+-------+-----
Long Blades    | 4 |  4.1
Fighting       | |  3.7
Dodging        | |  4.5

Action                     || total
---------------------------++-------
  Melee: Falchion          ||    56
 Armour: Robe              ||    11
  Dodge: Dodged            ||    49
